 Dungeon Crawl Stone Soup version 0.30-a0-457-g4b7bca3bfa (webtiles) character file.

Game seed: 3566188473091990792

317 billz999 the Skirmisher (level 6, -3/51 HPs)
             Began as a Gnoll Hunter on Dec 11, 2022.
             Was an Initiate of Kikubaaqudgha.
             Slain by a scorpion (4 damage)
             ... on level 4 of the Dungeon on Dec 14, 2022.
             The game lasted 00:04:05 (2068 turns).

billz999 the Skirmisher (Gnoll Hunter)              Turns: 2068, Time: 00:04:06

Health: -3/51      AC:  4    Str:  9 (10) XL:     6   Next: 44%
Magic:  9/9        EV: 13    Int:  7 (9)  God:    Kikubaaqudgha [......]
Gold:   129        SH:  0    Dex: 14 (17) Spells: 9/9 levels left

rFire   . . .      SeeInvis +    a - +0 shortbow
rCold   . . .      Faith    .    (shield currently unavailable)
rNeg    . . .      Spirit   .    p - +0 leather armour of Lugonu's Reproof {+Blink Will+++ SInv Stlth-}
rPois   .          Reflect  .    (no helmet)
rElec   .          Harm     .    (no cloak)
rCorr   .          Rampage  .    (no gloves)
Will    +++..                    l - +0 pair of boots
Stlth   +.........               (no amulet)
HPRegen 0.28/turn                (no ring)
MPRegen 0.11/turn                (no ring)

@: mighty, lethally poisoned (-3 -> -15)
A: fangs 1, strong nose, distributed training
a: Renounce Religion, Evoke Blink


You were on level 4 of the Dungeon.
You worshipped Kikubaaqudgha.
Kikubaaqudgha was noncommittal.
You visited 2 branches of the dungeon, and saw 5 of its levels.

You collected 129 gold pieces.

Inventory:

Hand Weapons
 a - a +0 shortbow (weapon)
Armour
 c - a +0 leather armour
 l - a +0 pair of boots (worn)
 o - the +2 ring mail of Generosity {Fly Str+4 Dex-5}
   (You found it on level 2 of the Dungeon)

   Str:       It affects your strength (+4).
   Dex:       It affects your dexterity (-5).
   Fly:       It grants you flight.
 p - the +0 leather armour of Lugonu's Reproof (worn) {+Blink Will+++ SInv Stlth-}
   (You found it on level 2 of the Dungeon)

   SInv:      It lets you see invisible.
   +Blink:    It lets you blink.
   Will:      It greatly increases your willpower.
   Stlth:     It makes you less stealthy.
Magical Staves
 r - a staff of conjuration
Jewellery
 i - a +6 ring of intelligence
Scrolls
 b - a scroll of immolation
 d - 2 scrolls of vulnerability
 e - 2 scrolls of noise
 g - 2 scrolls of poison
 j - 2 scrolls of fear
 k - a scroll of blinking {unknown}
 n - a scroll of acquirement {unknown}
 t - 2 scrolls of magic mapping
 v - a scroll of teleportation {unknown}
Potions
 h - a potion of lignification
 q - 2 potions of cancellation
 u - a potion of resistance {unknown}


   Skills:
 + Level 5.0 Fighting
 + Level 2.0 Short Blades
 + Level 2.0 Long Blades
 + Level 2.0 Axes
 + Level 2.0 Maces & Flails
 + Level 2.0 Polearms
 + Level 2.0 Staves
 + Level 8.8 Ranged Weapons
 + Level 2.0 Throwing
 + Level 2.0 Armour
 + Level 5.0 Dodging
 + Level 3.1 Stealth
 + Level 2.0 Shields
 + Level 2.0 Unarmed Combat
 + Level 2.0 Spellcasting
 + Level 1.6 Conjurations
 + Level 1.6 Hexes
 + Level 1.6 Summonings
 + Level 1.6 Necromancy
 + Level 1.6 Translocations
 + Level 1.6 Transmutations
 + Level 1.6 Fire Magic
 + Level 1.6 Ice Magic
 + Level 1.6 Air Magic
 + Level 1.6 Earth Magic
 + Level 1.6 Poison Magic
 + Level 2.2 Invocations
 + Level 2.0 Evocations


You had 9 spell levels left.
You didn't know any spells.
Your spell library contained the following spells:

 Spells                   Type           Power      Damage    Failure   Level
 Blink                    Tloc           6%         N/A       38%         2
 Static Discharge         Conj/Air       6%         2-3/arc   38%         2
 Dazzling Flash           Conj/Hex       6%         N/A       63%         3
 Vhi's Electric Charge    Tloc/Air       6%         N/A       63%         3
 Iskenderun's Mystic Bla  Conj/Tloc      3%         2d3       95%         4
 Manifold Assault         Tloc           3%         N/A       95%         4
 Arcjolt                  Conj/Air       1%         1d11      100%        5
 Lightning Bolt           Conj/Air       1%         1d12      100%        5
 Starburst                Conj/Fire      1%         6d3       100%        6
 Storm Form               Tmut/Air       1%         N/A       100%        7


Dungeon Overview and Level Annotations

Branches:
Dungeon (4/15)             Temple (1/1) D:4

Altars:
Ashenzari
Cheibriados
Dithmenos
Fedhas
Gozag
Hepliaklqana
Kikubaaqudgha
Makhleb
Nemelex Xobeh
Qazlal
Ru
Sif Muna
Vehumet
Wu Jian
Xom
Zin
The Shining One


Innate Abilities, Weirdness & Mutations

You have very sharp teeth.
Your uncanny sense of smell can sniff out nearby items.
Your experience applies equally to all skills.


Message History

The scorpion stings you.
You shoot an arrow.
The arrow hits the scorpion but does no damage.
The scorpion stings you.
You shoot an arrow. The arrow hits the scorpion!
The scorpion is moderately wounded.
The scorpion stings you but does no damage.
The scorpion stings you.
You shoot an arrow. The arrow closely misses the scorpion.
The scorpion stings you.
You are too injured to fight recklessly!
You are too injured to fight recklessly!
You shoot an arrow. The arrow barely misses the scorpion.
The scorpion stings you but does no damage.
You shoot an arrow. The arrow barely misses the scorpion.
The scorpion stings you.
You shoot an arrow. The arrow barely misses the scorpion.
The scorpion stings you.
You are poisoned.
The scorpion poisons you! The scorpion stings you.
* * * LOW HITPOINT WARNING * * *
Unknown command.
It was a potion of cancellation.
You feel magically purged.
You feel sick. The scorpion stings you.
* * * LOW HITPOINT WARNING * * *
You are lethally poisoned!
The scorpion poisons you!
It was a potion of might.
You feel very mighty all of a sudden.
* * * LOW HITPOINT WARNING * * *
You feel very sick.
The scorpion stings you but does no damage.
It was a potion of degeneration.
There was something very wrong with that liquid.
You feel weakened.
You feel dopey.
You feel clumsy.
* * * LOW HITPOINT WARNING * * *
You feel very sick. The scorpion stings you.
You die...
Kikubaaqudgha rasps: "You have failed me!
Welcome... death!"

,,,,,,*****,*******,,,,,,,,,,,,,,
,,,,,,,,,,,,,,,.****.#**,***,***,
,,,,,,,,,,,,,,,.***#.#**,*,*,****
,,,,,,,,,,,,,,,.###..##*,*,*,,,,,
*******∩*******#......,,,*,*,****
*,* #....#*,.,*,*,* ***,***
#....##.#,*,*,* **,,,,,**
#s)^....#,*,*,* *8,,∩,,8*
#@...####,*,*,**** **,,,,,**
#....$...,*.#,,,,, **********
#.#..####*#.#***** *,,,,,,,,*
#.#..# ###.#####* *,*,,*,,,*
#.#..# #.......#* *,*,,*,,,*
#.#..# #.......## *,*,,**,**
#.#..# #.......#. **,,,,,,,*
#.#..# #......... *,,,,,,***
#.#..# #.........


You could see a scorpion.

Vanquished Creatures
  A scorpion (D:3)
  A necrophage (D:4)
  Jessica (D:2)
  4 adders (D:3)
  4 gnolls
  3 worms
  2 dart slugs (D:1)
  3 orcs
  7 bats
  9 endoplasms
  3 giant cockroaches
  4 hobgoblins
  7 jackals
  4 quokkas
  6 ball pythons
  2 frilled lizards
  4 goblins
  11 kobolds
  3 rats (D:3)
79 creatures vanquished.

Vanquished Creatures (others)
  15 plants (D:2)
15 creatures vanquished.

Grand Total: 94 creatures vanquished

Notes
Turn   | Place    | Note
-------+----------+-------------------------------------------
     0 | D:1      | billz999 the Gnoll Hunter began the quest for the Orb.
     0 | D:1      | Reached XP level 1. HP: 20/20 MP: 1/1
    68 | D:1      | Reached XP level 2. HP: 26/26 MP: 2/2
   295 | D:1      | Reached XP level 3. HP: 31/31 MP: 3/3
   560 | D:2      | Reached skill level 1 in Invocations
   633 | D:2      | Reached skill level 1 in Short Blades
   633 | D:2      | Reached skill level 1 in Long Blades
   633 | D:2      | Reached skill level 1 in Axes
   633 | D:2      | Reached skill level 1 in Maces & Flails
   633 | D:2      | Reached skill level 1 in Polearms
   633 | D:2      | Reached skill level 1 in Staves
   633 | D:2      | Reached skill level 1 in Throwing
   633 | D:2      | Reached skill level 1 in Armour
   633 | D:2      | Reached skill level 1 in Shields
   633 | D:2      | Reached skill level 1 in Unarmed Combat
   633 | D:2      | Reached skill level 1 in Spellcasting
   633 | D:2      | Reached skill level 1 in Evocations
   656 | D:2      | Noticed Jessica
   659 | D:2      | Killed Jessica
   660 | D:2      | Reached XP level 4. HP: 38/38 MP: 5/5
   678 | D:2      | Identified the +2 ring mail of Generosity {Fly Str+4 Dex-5}
   691 | D:2      | Identified the +0 leather armour of Lugonu's Reproof
                  | {+Blink Will+++ SInv Stlth-}
   703 | D:2      | Found a stormy altar of Qazlal.
   757 | D:2      | Reached skill level 1 in Conjurations
   757 | D:2      | Reached skill level 1 in Hexes
   757 | D:2      | Reached skill level 1 in Summonings
   757 | D:2      | Reached skill level 1 in Necromancy
   757 | D:2      | Reached skill level 1 in Translocations
   757 | D:2      | Reached skill level 1 in Transmutations
   757 | D:2      | Reached skill level 1 in Fire Magic
   757 | D:2      | Reached skill level 1 in Ice Magic
   757 | D:2      | Reached skill level 1 in Air Magic
   757 | D:2      | Reached skill level 1 in Earth Magic
   757 | D:2      | Reached skill level 1 in Poison Magic
  1174 | D:2      | Reached XP level 5. HP: 27/43 MP: 7/7
  1441 | D:3      | Found a faded altar of an unknown god.
  1509 | D:3      | Reached XP level 6. HP: 50/50 MP: 8/8
  1598 | D:3      | Upgraded the game from 0.30-a0-451-ge042605de7 to
                  | 0.30-a0-457-g4b7bca3bfa
  1897 | D:4      | Reached skill level 5 in Fighting
  1897 | D:4      | Reached skill level 5 in Dodging
  1897 | D:4      | Found a staircase to the Ecumenical Temple.
  1909 | Temple   | Entered the Ecumenical Temple
  1980 | Temple   | Became a worshipper of Kikubaaqudgha
  2068 | D:4      | HP: 1/51 [poisoned by a scorpion]
  2068 | D:4      | Slain by a scorpion

Illustrated notes

Levels and vault maps discovered:
D:1:      lightli_arrival_boilingwater, layout_rooms
D:2:      layout_rooms, basic_altar, kennysheep_boxes, uniq_jessica
D:3:      minmay_bubble_buster, layout_rooms, serial_curves, eino_curves_04,
          eino_curves_01, hellmonk_ecumenical_altar_pennies_from_heaven
D:4:      layout_basic, nicolae_qazlal_eye_of_the_storm,
          minmay_temple_entry_large_hall, chequers_ossuary_entry_cave,
          nicolae_concentric_dashed_squares_mild, st_stairs_6
Temple:   regret_index_temple_mists

Skill      XL: |  1  2  3  4  5  6 |
---------------+-------------------+-----
Invocations    | 1 2 |  2.2
Short Blades   | 1 2 |  2.0
Long Blades    | 1 2 |  2.0
Axes           | 1 2 |  2.0
Maces & Flails | 1 2 |  2.0
Polearms       | 1 2 |  2.0
Staves         | 1 2 |  2.0
Throwing       | 1 2 |  2.0
Armour         | 1 2 |  2.0
Shields        | 1 2 |  2.0
Unarmed Combat | 1 2 |  2.0
Spellcasting   | 1 2 |  2.0
Evocations     | 1 2 |  2.0
Conjurations   | 1 |  1.6
Hexes          | 1 |  1.6
Summonings     | 1 |  1.6
Necromancy     | 1 |  1.6
Translocations | 1 |  1.6
Transmutations | 1 |  1.6
Fire Magic     | 1 |  1.6
Ice Magic      | 1 |  1.6
Air Magic      | 1 |  1.6
Earth Magic    | 1 |  1.6
Poison Magic   | 1 |  1.6
Stealth        | 3 |  3.1
Fighting       | 5 |  5.0
Dodging        | 5 |  5.0
Ranged Weapons | |  8.8

Action                   |  1- 3 |  4- 6 || total
-------------------------+-------+-------++-------
 Fire: Shortbow          |    75 |   146 ||   221
  Use: Potion            |       |     5 ||     5
       Scroll            |       |     5 ||     5
Armor: Leather armour    |     3 |    12 ||    15
       Skin              |       |     8 ||     8
Dodge: Dodged            |    16 |    36 ||    52

Table legend: (Time is in decaauts)
 A = Elapsed time spent in this place.
 B = Non-inter-level travel time spent in this place.
 C = Inter-level travel time spent in this place.
 D = Time resting spent in this place.
 E = Time spent auto-exploring this place.
 F = Levels seen in this place.
 G = Mean time per level.
                   A        B        C        D        E       F      G
               +--------+--------+--------+--------+--------+-----+--------+
         Total |   2128 |   1970 |    158 |    214 |   1310 |   5 |  425.6 |
       Dungeon |   2008 |   1883 |    125 |    214 |   1240 |   4 |  502.0 |
        Temple |    119 |     87 |     32 |      0 |     70 |   1 |  119.0 |
               +--------+--------+--------+--------+--------+-----+--------+

Top non-repeatable levels by time:
     D:2: 734 daAuts
     D:3: 667 daAuts
     D:1: 498 daAuts
  Temple: 119 daAuts
     D:4: 107 daAuts
